 Dungeon Crawl Stone Soup version 0.28.0-43-g3370ac3207 (webtiles) character file.

Game seed: 10586340979350852705

0 experimilk the Grasshopper (level 1, -3/17 HPs)
             Began as a Palentonga Warper on Mar 18, 2022.
             Slain by a gnoll
             ... wielding a +0 spear
              (8 damage)
             ... on level 1 of the Dungeon.
             The game lasted 00:00:29 (104 turns).

experimilk the Grasshopper (Palentonga Warper)       Turns: 104, Time: 00:00:30

Health: -3/17      AC:  4    Str: 14    XL:     1   Next: 8%
Magic:  3/3        EV:  9    Int: 13    God:
Gold:   39         SH:  0    Dex:  9    Spells: 4/4 levels left

rFire   . . .      SeeInvis +   a - +0 mace
rCold   . . .      Faith    .   (no shield)
rNeg    . . .      Spirit   .   b - +0 leather armour
rPois   .          Reflect  .   (no helmet)
rElec   .          Harm     .   (no cloak)
rCorr   .          Rampage  .   (no gloves)
Will    .....                   (no barding)
Stlth   +.........              (no amulet)
HPRegen 0.05/turn               (no ring)
MPRegen 0.08/turn               (no ring)

@: no status effects
A: large, rugged brown scales 3, see invisible, deformed body, roll 1, armoured
tail
a: Rolling Charge


You were on level 1 of the Dungeon.
You visited 1 branch of the dungeon, and saw 1 of its levels.

You collected 39 gold pieces.

Inventory:

Hand Weapons
 a - a +0 mace (weapon)
Missiles
 d - 5 boomerangs of dispersal (quivered)
Armour
 b - a +0 leather armour (worn)
Scrolls
 c - a scroll of blinking
 e - a scroll of identify {unknown}
Potions
 f - a potion of cancellation {unknown}


   Skills:
 - Level 2.0 Fighting
 * Level 2.0 Maces & Flails
 - Level 0.6 Throwing
 - Level 0.7 Armour
 - Level 1.5 Dodging
 - Level 2.0 Spellcasting
 - Level 3.0 Translocations


You had 4 spell levels left.
You didn't know any spells.
Your spell library contained the following spells:

 Spells                   Type           Power      Damage    Failure   Level
 Blink                    Tloc           18%        N/A       14%         2
 Gell's Gravitas          Tloc           9%         N/A       28%         3
 Lesser Beckoning         Tloc           9%         N/A       28%         3
 Teleport Other           Tloc           9%         N/A       28%         3
 Manifold Assault         Tloc           9%         N/A       95%         5


Dungeon Overview and Level Annotations

Branches:
Dungeon (1/15)

Altars:


Innate Abilities, Weirdness & Mutations

You are completely covered in rugged brown scales. (AC +3, +7% HP)
You have supernaturally acute eyesight. (SInv)
Armour fits poorly on your strangely shaped body.
You can roll at nearby foes to attack.
You have a long armoured tail.


Message History

They say the Orb of Zot lies within this dungeon, but they say a lot of things.
Press ? for a list of commands and other information.
Found four items.
Found a staircase leading out of the dungeon.
You now have 8 gold pieces.
e - a scroll labelled HIUTTITOTID
There is a staircase leading out of the dungeon here.
f - a fuming black potion A bat comes into view.
Found 12 gold pieces.
The bat barely misses you. The bat barely misses you.
The bat hits you but does no damage. The bat barely misses you.
The bat barely misses you. The bat barely misses you.
The bat hits you but does no damage. The bat barely misses you.
The bat hits you but does no damage.
You miss the bat.
Your tail-slap misses the bat.
The bat barely misses you.
You sock the bat!
You kill the bat!
No target in view!
No target in view!
You now have 20 gold pieces (gained 12).
You now have 39 gold pieces (gained 19).
A gnoll comes into view. It is wielding a +0 spear.
Roll where?
Press: ? - help, Dir - move target, f - gnoll
Aim: a gnoll, wielding a +0 spear You roll forward with a clatter of scales!
You closely miss the gnoll. The gnoll hits you with a +0 spear.
The gnoll hits you with a +0 spear!
* * * LOW HITPOINT WARNING * * *
You hit the gnoll but do no damage. The gnoll misses you.
You hit the gnoll. You tail-slap the gnoll!
The gnoll is almost dead.
The gnoll barely misses you.
You closely miss the gnoll.
The gnoll is almost dead.
The gnoll hits you with a +0 spear!
You die...

####...P≈≈≈P...#.#
........P≈P....#.#
####.....P.....#.#
##...........#.###############
#...)..<.......#.............#
.............†...#.###########.#
####.....P.....#.#.# ##### #.#
#....P≈P....#.#.## #...# #.#
#...P≈≈≈P...°@g..####...###.#
#..P≈≈≈≈≈P..##............#.#
#.P≈≈≈≈≈≈≈P.##............#.##
#P≈≈≈≈≈≈≈≈≈P###.###..........#
#########....# ##....#.###.
###### #......# #. #.##...# #.
#.##..#...# #.##..####


You could see a gnoll.

Vanquished Creatures
  A bat (D:1)
1 creature vanquished.

Notes
Turn   | Place    | Note
-------+----------+-------------------------------------------
     0 | D:1      | experimilk the Palentonga Warper began the quest for the
                  | Orb.
     0 | D:1      | Reached XP level 1. HP: 17/17 MP: 3/3
   104 | D:1      | Slain by a gnoll

Illustrated notes

Levels and vault maps discovered:
D:1:      eino_arrival_druids_welcome, layout_loops_ring,
          minmay_rat_gold_closets

Action                   || total
-------------------------++-------
Melee: Mace              ||     6
       Tailslap          ||     1
 Abil: Rolling Charge    ||     1
Armor: Leather armour    ||     3
Dodge: Dodged            ||     9
